 Dungeon Crawl Stone Soup version 0.26-a0-501-g57170428f2 (webtiles) character file.

Game seed: 3835358034367422641

133 Leibowitz the Poker (level 5, -5/39 HPs)
             Began as a Merfolk Gladiator on Aug 7, 2020.
             Killed by divine providence
             ... invoked by an orc priest
              (16 damage)
             ... on level 3 of the Dungeon.
             The game lasted 00:06:22 (2826 turns).

Leibowitz the Poker (Merfolk Gladiator)             Turns: 2826, Time: 00:06:23

Health: -5/39      AC:  4    Str: 14    XL:     5   Next: 16%
Magic:  5/5        EV: 18    Int:  8    God:
Gold:   185        SH:  0    Dex: 16    Spells: 4/4 levels left

rFire    . . .     SeeInvis .   a - +0 trident
rCold    + . .     Faith    .   (no shield)
rNeg     . . .     Spirit   .   b - +0 leather armour
rPois    .         Reflect  .   c - +0 helmet
rElec    .         Harm     .   (no cloak)
rCorr    .                      (no gloves)
MR       .....                  (boots currently unavailable)
Stlth    ++........             (no amulet)
HPRegen  0.13/turn              r - ring of protection from cold
MPRegen  0.09/turn              (no ring)

@: lethally poisoned (-5 -> -8), very quick
A: change form in water, swift swim, stealthy swim
a: no special abilities


You were on level 3 of the Dungeon.
You visited 1 branch of the dungeon, and saw 3 of its levels.

You collected 185 gold pieces.

Inventory:

Hand Weapons
 a - a +0 trident (weapon)
Missiles
 d - 4 throwing nets (quivered)
Armour
 b - a +0 leather armour (worn)
 c - a +0 helmet (worn)
Jewellery
 r - a ring of protection from cold (left hand)
Wands
 p - a wand of digging (3)
Scrolls
 e - 2 scrolls of enchant weapon {unknown}
 f - a scroll of blinking {unknown}
 g - a scroll of amnesia {unknown}
 i - 3 scrolls of teleportation {unknown}
 j - 2 scrolls of identify {unknown}
 n - 2 scrolls of remove curse {unknown}
 q - a scroll of enchant armour {unknown}
 s - a scroll of random uselessness {unknown}
Potions
 h - 2 potions of heal wounds {unknown}
 k - a potion of brilliance {unknown}
 l - a potion of lignification {unknown}
 m - a potion of might {unknown}
 o - a potion of mutation {unknown}


   Skills:
 * Level 2.7 Fighting
 * Level 6.8 Polearms
 - Level 2.0 Throwing
 * Level 1.1 Armour
 * Level 4.6 Dodging


You had 4 spell levels left.
You didn't know any spells.
Your spell library was empty.

Dungeon Overview and Level Annotations

Branches:
Dungeon (3/15)

Altars:
Nemelex Xobeh
Zin


Message History

You hear a shout!
The adder misses you. The adder barely misses you.
You see here an adder corpse.
You completely miss the adder.
The adder is heavily wounded.
You feel sick.
The orc priest invokes the aid of Beogh against you.
Beogh smites you! The adder misses you.
An orc wizard comes into view. It is wielding a +0 dagger.
You barely miss the adder.
The adder is moderately wounded.
The adder bites you but does no damage.
You hit the adder but do no damage.
The adder is moderately wounded.
You feel sick. The adder bites you.
* * * LOW HITPOINT WARNING * * *
The orc priest calls down the wrath of Beogh upon you.
Beogh smites you!
You die...

###################
≈≈≈≈≈≈≈≈≈≈≈≈≈≈≈≈≈≈#####≈
≈≈≈≈≈≈≈≈≈≈≈≈≈≈≈≈≈≈≈≈≈≈≈≈
≈≈≈≈≈≈≈≈≈≈≈≈≈≈≈≈@S≈≈≈≈≈≈
≈≈≈≈.≈≈≈≈≈≈.≈≈≈.≈≈≈.≈.≈≈
...).................o..
........................
###.........###.....####
....##########..........
...## #.......#### ...#
#..#.....# ##.## ####
#.##.....#


You could see an orc priest and an adder.

Vanquished Creatures
  5 adders
  An ooze (D:1)
  2 dart slugs
  2 worms
  4 leopard geckos
  7 orcs (D:3)
  2 giant cockroaches
  5 goblins
  5 hobgoblins
  4 jackals (D:3)
  A quokka (D:2)
  5 bats
  4 frilled lizards
  11 kobolds
  8 rats
66 creatures vanquished.

Notes
Turn   | Place    | Note
-------+----------+-------------------------------------------
     0 | D:1      | Leibowitz the Merfolk Gladiator began the quest for the
                  | Orb.
     0 | D:1      | Reached XP level 1. HP: 16/16 MP: 1/1
   386 | D:1      | Reached XP level 2. HP: 8/22 MP: 2/2
   874 | D:1      | Reached skill level 5 in Polearms
   993 | D:1      | Reached XP level 3. HP: 25/28 MP: 3/3
  1593 | D:2      | Reached skill level 6 in Polearms
  1593 | D:2      | Reached XP level 4. HP: 17/34 MP: 4/4
  1926 | D:2      | Found a glowing silver altar of Zin.
  2233 | D:3      | Found a sparkling altar of Nemelex Xobeh.
  2251 | D:3      | Reached skill level 1 in Armour
  2716 | D:3      | Reached XP level 5. HP: 33/39 MP: 5/5
  2826 | D:3      | Killed from afar by an orc priest

Illustrated notes

Levels and vault maps discovered:
D:1:      tarquinn_simple_flora_water_e, layout_basic
D:2:      layout_rooms, zin_statuary
D:3:      minmay_goblin_kobold_castle, layout_rooms,
          nicolae_overflow_hidden_temple

Skill      XL: |  1  2  3  4 |
---------------+-------------+-----
Polearms       | 5 6 |  6.8
Armour         | 1 |  1.1
Fighting       | |  2.7
Throwing       | |  2.0
Dodging        | |  4.6

Action                   |  1- 3 |  4- 6 || total
-------------------------+-------+-------++-------
Melee: Trident           |    84 |   126 ||   210
       Tailslap          |       |     1 ||     1
Armor: Leather armour    |    21 |    24 ||    45
Dodge: Dodged            |    59 |   110 ||   169

Table legend: (Time is in decaauts)
 A = Elapsed time spent in this place.
 B = Non-inter-level travel time spent in this place.
 C = Inter-level travel time spent in this place.
 D = Time resting spent in this place.
 E = Time spent auto-exploring this place.
 F = Levels seen in this place.
 G = Mean time per level.
                   A        B        C        D        E       F      G
               +--------+--------+--------+--------+--------+-----+--------+
         Total |   2823 |   2789 |     34 |   1094 |   1098 |   3 |  941.0 |
       Dungeon |   2823 |   2789 |     34 |   1094 |   1098 |   3 |  941.0 |
               +--------+--------+--------+--------+--------+-----+--------+

Top non-repeatable levels by time:
     D:1: 1156 daAuts
     D:2: 1079 daAuts
     D:3: 588 daAuts
